 Dungeon Crawl Stone Soup version 0.31-a0-889-g1a8549509d (webtiles) character file.

Game seed: 4913383588405838337

20549 mortress the Grappler (level 12, -16/157 HPs)
             Began as a White Draconian Shapeshifter on Oct 16, 2023.
             Was a Follower of Ru.
             Demolished by a centaur warrior simulacrum (24 damage)
             ... on level 11 of the Dungeon on Oct 17, 2023.
             The game lasted 00:53:18 (11779 turns).

mortress the Grappler (DrSh)                       Turns: 11779, Time: 00:53:18

Health: -16/157    AC: 26    Str: 24    XL:     12   Next: 46%
Magic:  18/18      EV:  2    Int: 12    God:    Ru [*.....]
Gold:   678        SH:  0    Dex: 10    Spells: 17/19 levels left

rFire   . .          .
                       - Unarmed
rCold   . . .        (no shield)
rNeg    . . .        (body armour unavailable)
rPois   +            (helmet currently unavailable)
rElec   .            (cloak currently unavailable)
rCorr   .            u - melded +0 pair of gloves
SInv    .            l - melded +0 pair of boots
Will    .....        y - amulet "Yttoppeq" {Acrobat Str+3} Stlth
                     e - +4 ring of protection
HPRegen 0.46/turn    (no ring)
MPRegen 0.16/turn

%: acrobat
@: tree-form, corroded
A: stationary, stasis, torment immunity, boosted hp, (breathe frost), AC +8,
unfitting armour, (cold resistance 1), (cold-blooded), no stealth, no fire
magic, no hexes magic, no necromancy magic
a: Renounce Religion


You were on level 11 of the Dungeon.
You worshipped Ru.
Ru was aware of your devotion.
You were a tree.
You visited 2 branches of the dungeon, and saw 12 of its levels.
You also visited: Sewer and Bailey.

You collected 678 gold pieces.

Inventory:

Missiles
 a - 20 poisoned darts
 p - 6 boomerangs
 w - 4 throwing nets
 E - 3 javelins
 H - 6 darts of dispersal
 I - a curare-tipped dart
Armour
 d - an orb of mayhem
 l - a +0 pair of boots (melded)
 s - the orb "Zeuhigg" {*channel, rF++}
   (You found it on level 4 of the Dungeon)

   rF++:      It greatly protects you from fire.
 u - a +0 pair of gloves (melded)
Jewellery
 e - a +4 ring of protection (left branch)
 y - the amulet "Yttoppeq" (around neck) {Acrobat Str+3}
   (You found it on level 4 of the Dungeon)

   [amulet of the acrobat]

   Acrobat:   It increases your evasion while moving and waiting.
   Str+3:     It affects your strength (+3).
 z - a ring of flight
 F - a ring of poison resistance
 L - a +6 ring of dexterity
Talismans
 b - a beast talisman
 c - a flux talisman
Wands
 n - a wand of light (5)
 G - a wand of iceblast (5)
 K - a wand of flame (14)
 M - a wand of paralysis (4)
Scrolls
 f - 11 scrolls of identify {unknown}
 g - 3 scrolls of teleportation {unknown}
 h - 6 scrolls of enchant armour
 i - 3 scrolls of revelation {unknown}
 j - 3 scrolls of enchant weapon {unknown}
 k - 3 scrolls of butterflies {unknown}
 o - 2 scrolls of vulnerability {unknown}
 q - 2 scrolls of blinking {unknown}
 r - a scroll of amnesia {unknown}
 v - 2 scrolls of fog {unknown}
 x - a scroll of noise {unknown}
 C - a scroll of fear {unknown}
 D - a scroll of poison {unknown}
Potions
 m - 2 potions of attraction
 t - 2 potions of magic
 B - 2 potions of curing
 J - a potion of enlightenment


   Skills:
 + Level 9.6 Fighting
 + Level 8.2 Dodging
 * Level 12.6 Unarmed Combat
 - Level 4.3 Spellcasting
 - Level 4.6 Air Magic
 - Level 4.6 Poison Magic
 + Level 8.6 Shapeshifting


You had 17 spell levels left.
You knew the following spells:

 Your Spells              Type           Power      Damage    Failure   Level
a - Poisonous Vapours     Pois/Air       26%        N/A       4%          2

Your spell library contained the following spells:

 Spells                   Type           Power      Damage    Failure   Level
 Mephitic Cloud           Conj/Pois/Air  10%        N/A       19%         3
 Summon Small Mammal      Summ           8%         N/A       22%         1
 Lesser Beckoning         Tloc           4%         N/A       32%         2
 Call Canine Familiar     Summ           2%         N/A       54%         3
 Gell's Gravitas          Tloc           2%         N/A       54%         3
 Teleport Other           Tloc           2%         N/A       54%         3
 Vhi's Electric Charge    Tloc/Air       16%        N/A       63%         4
 Arcjolt                  Conj/Air       4%         1d14      93%         5
 Freezing Cloud           Conj/Ice/Air   3%         6-21      97%         5
 Dispersal                Tloc           1%         N/A       100%        6
 Summon Guardian Golem    Hex/Summ       Unusable   N/A       N/A         3
 Plasma Beam              Fire/Air       Unusable   2x1d14    N/A         6

Dungeon Overview and Level Annotations

Branches:
Dungeon (11/15)            Temple (1/1) D:5           Sewer (visited)
 Bailey (visited)
   Lair: D:8-11         Orc: D:9-12

Altars:
Ashenzari
Cheibriados
Dithmenos
Elyvilon
Fedhas
Gozag
Hepliaklqana
Kikubaaqudgha
Makhleb
Nemelex Xobeh
Okawaru
Qazlal
Ru
Sif Muna
Trog
Uskayaw
Vehumet
Wu Jian
Xom
Yredelemnul
Zin
The Shining One

Shops:
D:5 (


Innate Abilities, Weirdness & Mutations

You are a tree.
Your roots penetrate the ground, keeping you stationary.
You cannot be teleported.
You are immune to unholy pain and torment.
Your maximum health is greatly increased.
Your equipment is partially melded.
((You can breathe waves of freezing cold which knock back foes.))
((Your icy white scales are hard. (AC +8)))
You cannot fit into any form of body armour.
((Your flesh is cold resistant. (rC+)))
((You are cold-blooded and may be slowed by cold attacks.))
You cannot be stealthy.
You cannot study or cast Fire magic.
You cannot study or cast Hexes magic.
You cannot study or cast Necromancy magic.


Message History

The centaur warrior simulacrum kicks you but does no damage.
The acid dragon spits acid at you.
The splash of acid hits you but does no damage.
The acid corrodes you!
You hear a shout!
It was a potion of enlightenment.
Your roots keep you in place.
The centaur warrior simulacrum completely misses you.
The centaur warrior simulacrum kicks you but does no damage.
The acid dragon bites you.
* * * LOW HITPOINT WARNING * * *
The acid dragon claws you but does no damage.
Aiming: Paralyse
Press: ? - help, Shift-Dir - straight line, f - acid dragon
Aim: an acid dragon (lightly wounded, contaminated, chance to affect: 49%)
The acid dragon suddenly stops moving!
The centaur warrior simulacrum hits you.
* * * LOW HITPOINT WARNING * * *
The centaur warrior simulacrum freezes you!!
* * * LOW HITPOINT WARNING * * *
The centaur warrior simulacrum barely misses you.
The centaur warrior simulacrum hits you but does no damage.
The centaur warrior simulacrum kicks you but does no damage.
The helpless acid dragon fails to defend itself.
You thrash the acid dragon!!!
You kill the acid dragon!
The centaur warrior simulacrum hits you but does no damage.
The centaur warrior simulacrum kicks you but does no damage.
You feel better.
The centaur warrior simulacrum hits you but does no damage.
The centaur warrior simulacrum kicks you but does no damage.
Aiming: Paralyse
Press: ? - help, Shift-Dir - straight line, f - centaur warrior simulacrum
Aim: a centaur warrior simulacrum (chance to affect: 54%)
The centaur warrior simulacrum resists with significant effort.
Your enlightenment fades.
The centaur warrior simulacrum hits you but does no damage.
The centaur warrior simulacrum kicks you.
* * * LOW HITPOINT WARNING * * *
The centaur warrior simulacrum freezes you!!
You die...

....'.....##....#
....#...........#......#
..#.#...........#..!...#
..#.#...........#..>...+
..#.#...........#......#
..#.#...........#.......
..#.#...........#.......
....#...........#.......
....#..#########♣Z......
..#+#..##......(........
..#.... ...###)####.####
..#.... ... .⌠ ..#..
#.#B .# ..# ..##" # ..#
#.# #. ..# #. .. ..# .
.#


You could see a centaur warrior simulacrum.

Vanquished Creatures
  2 boulder beetles (D:11)
  2 orc knights (Bailey)
  A cyclops (D:11)
  2 kobold demonologists (D:10)
  4 unseen horror zombies (D:9)
  An unseen horror (D:11)
  3 trolls (D:10)
  A hornet (D:10)
  A slime creature (D:11)
  A centaur simulacrum (D:11)
  A wraith (D:11)
  2 wyverns
  A yak (D:11)
  A steam dragon (D:8)
  2 acid dragons
  Duvessa (D:5)
  14 orc warriors
  Pargi (Sewer)
  An ice beast (D:7)
  2 sky beasts
  2 ogres
  The ghost of deremet the Magician, an amateur AtHW (D:4)
  2 centaurs
  3 kobold brigands
  A bullfrog (D:9)
  A gnoll sergeant (D:11)
  2 scorpions
  10 wights
  Dowan (D:5)
  11 killer bees
  A howler monkey (D:9)
  2 jellies
  2 orc priests
  6 hounds
  2 gnoll boudas
  2 iguanas (D:5)
  6 orc wizards
  A sleepcap (D:5)
  3 howler monkey zombies (D:9)
  Robin (D:2)
  21 gnolls
  9 adders
  13 river rats
  3 white imps
  A worm (D:2)
  4 dart slugs
  28 orcs
  10 ball pythons
  4 bats
  7 endoplasms
  5 giant cockroaches
  19 goblins
  8 hobgoblins
  2 jackals (D:4)
  25 kobolds
  8 quokkas
  5 frilled lizards
  27 rats
303 creatures vanquished.

Notes
Turn   | Place    | Note
-------+----------+-------------------------------------------
     0 | D:1      | mortress the Draconian Shapeshifter began the quest for the
                  | Orb.
     0 | D:1      | Reached XP level 1. HP: 16/16 MP: 1/1
   154 | D:1      | Reached XP level 2. HP: 22/23 MP: 2/2
   946 | D:2      | Reached XP level 3. HP: 29/29 MP: 3/3
  1132 | D:2      | Noticed Robin
  1145 | D:2      | Killed Robin
  1417 | D:2      | Reached XP level 4. HP: 33/36 MP: 4/4
  1644 | D:2      | Found an opulent altar of Gozag.
  1874 | D:3      | Identified the of Oqoteb
  2150 | D:3      | Found a shimmering blue altar of Sif Muna.
  2236 | D:3      | Reached skill level 4 in Unarmed Combat
  2466 | D:3      | Identified the +9 dagger of the Ecumenical Temple {heavy,
                  | Str-2 Dex+8 SInv}
  2524 | D:3      | Found a faded altar of an unknown god.
  2528 | D:3      | Found a radiant altar of Vehumet.
  2618 | D:4      | Reached XP level 5. HP: 39/42 MP: 5/5
  2630 | D:4      | Identified the orb "Zeuhigg" {*channel, rF++}
  2840 | D:4      | Found a glowing drain.
  2885 | Sewer    | Entered a sewer
  2959 | Sewer    | Noticed Pargi
  2969 | Sewer    | Killed Pargi
  2970 | Sewer    | Reached XP level 6. HP: 47/51 MP: 6/6
  3209 | D:4      | Reached skill level 5 in Unarmed Combat
  3480 | D:4      | Found a runed translucent door.
  3485 | D:4      | Noticed deremet's ghost (amateur AtHW)
  3559 | D:4      | Killed deremet's ghost
  3565 | D:4      | Identified the amulet "Yttoppeq" {Acrobat Str+3}
  3606 | D:5      | Entered Level 5 of the Dungeon
  3606 | D:5      | Found a staircase to the Ecumenical Temple.
  3712 | D:5      | Your scales start taking on an icy white colour.
  3712 | D:5      | Reached XP level 7. HP: 58/58 MP: 7/7
  3712 | D:5      | Gained mutation: Your flesh is cold resistant. (rC+) [White
                  | Draconian growth]
  3847 | D:5      | Noticed Dowan
  3857 | D:5      | Learned a level 2 spell: Poisonous Vapours
  3857 | D:5      | Noticed Duvessa
  3861 | D:5      | Killed Dowan
  3882 | D:5      | Killed Duvessa
  3883 | D:5      | Reached skill level 6 in Unarmed Combat
  4063 | D:5      | Found Inguzxed's Antique Weapon Boutique.
  4512 | D:5      | Reached XP level 8. HP: 24/67 MP: 8/8
  4514 | D:5      | HP: 3/67 [sleepcap (20)]
  4519 | D:5      | HP: 3/67 [rat (1)]
  4545 | Temple   | Entered the Ecumenical Temple
  5240 | D:6      | Reached skill level 5 in Shapeshifting
  5313 | D:6      | Reached skill level 7 in Unarmed Combat
  5346 | D:6      | Reached skill level 5 in Fighting
  6462 | D:7      | Found a sacrificial altar of Ru.
  6471 | D:7      | Became a worshipper of Ru the Awakened
  6900 | D:8      | Reached skill level 5 in Dodging
  6912 | D:8      | Reached skill level 8 in Unarmed Combat
  6939 | D:8      | Reached XP level 9. HP: 43/75 MP: 9/9
  6969 | D:8      | Found a flagged portal.
  6983 | Bailey   | Entered a bailey
  7631 | Bailey   | Reached skill level 9 in Unarmed Combat
  7812 | Bailey   | Noticed an orc knight
  7812 | Bailey   | Noticed an orc knight
  7860 | Bailey   | Reached skill level 11 in Unarmed Combat
  7860 | Bailey   | Reached XP level 10. HP: 19/90 MP: 10/10
  7914 | Bailey   | Reached XP level 11. HP: 56/95 MP: 10/17
  7992 | Bailey   | Killed an orc knight
  8147 | Bailey   | Killed an orc knight
  8587 | D:8      | Gained mutation: You cannot study or cast Fire magic. [Ru
                  | sacrifice]
  8587 | D:8      | Gained mutation: You cannot study or cast Hexes magic. [Ru
                  | sacrifice]
  8587 | D:8      | Gained mutation: You cannot study or cast Necromancy magic.
                  | [Ru sacrifice]
  8587 | D:8      | Reached * piety under Ru
  9413 | D:9      | Identified the +11 glaive of Courage {flame, rC+ Will+
                  | rCorr}
  9420 | D:9      | Identified the +6 short sword "Sic Vos" {heavy, rN++ Str+3
                  | Int+3 Dex-4}
  9917 | D:9      | Reached XP level 12. HP: 91/96 MP: 18/18
 10173 | D:10     | Entered Level 10 of the Dungeon
 10357 | D:10     | Found an ornate altar of the Wu Jian Council.
 10400 | D:10     | Reached skill level 12 in Unarmed Combat
 10451 | D:10     | Found a basalt altar of Yredelemnul.
 10513 | D:10     | Gained mutation: You cannot be stealthy. [Ru sacrifice]
 10648 | D:10     | Found a blossoming altar of Fedhas.
 10739 | D:10     | Paralysed by a hornet for 2 turns
 11622 | D:11     | Noticed a boulder beetle
 11637 | D:11     | Killed a boulder beetle
 11683 | D:11     | Noticed a boulder beetle
 11702 | D:11     | Killed a boulder beetle
 11776 | D:11     | HP: 1/157 [centaur warrior simulacrum (22)]
 11779 | D:11     | Demolished by a centaur warrior simulacrum

Illustrated notes

Levels and vault maps discovered:
D:1:      scummos_arrival_forest, layout_basic
D:2:      minmay_recursive_quarters, layout_basic, basic_altar, uniq_robin
D:3:      layout_loops_ring, nicolae_overflow_ecumenical_swirl, led_sif_book
D:4:      layout_basic, ebering_ghost_reflecting_pool, portal_sewer_entry_b
D:5:      lemuel_ratsnest, layout_gridville, temple_fountains, serial_shops,
          nicolae_shop_overgrown_old_shop, uniq_duvessa
D:6:      layout_loops_corners, dreamdust_gnoll_farm
D:7:      layout_layer_cave, nicolae_ru_sacrificial_ziggurat, eino_tiny_chamber,
          grunt_ogre_cave
D:8:      layout_basic, enter_bailey_3, kennysheep_generic_room_8
D:9:      layout_gridville, serial_undead, serial_undead_d, serial_undead_d,
          serial_undead_d, serial_undead_e, serial_undead_c, serial_undead_e
D:10:     layout_basic, lemuel_coloured_pillars_altar,
          mainiacjoe_overflow_surrounded_room,
          mainiacjoe_overflow_concentric_impassable, minivault_24,
          grunt_decor_mini_mirrors, minivault_27, minmay_strange_pillars
D:11:     minmay_the_grid_square_5x5_4x4_mashed
          [minmay_the_grid_square_5x5_bridge,
          minmay_the_grid_square_5x5_inner_v,
          minmay_the_grid_square_5x5_two_walls_b,
          minmay_the_grid_square_5x5_broken_cross,
          minmay_the_grid_square_5x5_tetrominoes,
          minmay_the_grid_square_5x5_prize_rear_guard,
          minmay_the_grid_square_5x5_prize_gold,
          minmay_the_grid_square_5x5_corner, minmay_the_grid_square_5x5_shrine2,
          minmay_the_grid_square_5x5_prize_waves,
          minmay_the_grid_square_5x5_prize_junk,
          minmay_the_grid_square_5x5_doubleslash,
          minmay_the_grid_square_5x5_bracketed,
          minmay_the_grid_square_5x5_checkered,
          minmay_the_grid_square_5x5_slash,
          minmay_the_grid_square_5x5_three_walls], layout_stronghold,
          lair_entry_dummy, uniq_josephine, uniq_lodul, uniq_sonja
Temple:   nicolae_temple_x_marks_the_god

Skill      XL: |  1  2  3  4  5  6  7  8  9 10 11 12 |
---------------+-------------------------------------+-----
Dodging        | 2 3 4 5 7 8 |  8.2
Fighting       | 2 3 4 5 8 9 |  9.6
Unarmed Combat | 4 5 6 8 11 12 | 12.6
Shapeshifting  | 4 5 7 8 |  8.6
Spellcasting   | 4 |  4.3
Air Magic      | 4 |  4.6
Poison Magic   | 4 |  4.6

Action                     |  1- 3 |  4- 6 |  7- 9 | 10-12 || total
---------------------------+-------+-------+-------+-------++-------
  Melee: Unarmed           |   126 |   198 |   383 |   348 ||  1055
         Tailslap          |    13 |    22 |    59 |    52 ||   146
         Punch             |     1 |     4 |    12 |     2 ||    19
   Cast: Poisonous Vapours |       |       |       |    16 ||    16
 Invoke: Sacrifice Arcana  |       |       |       |     1 ||     1
         Sacrifice Stealth |       |       |       |     1 ||     1
Ability: Breathe Frost     |       |       |     8 |    19 ||    27
  Evoke: Wand              |       |       |       |     2 ||     2
    Use: Potion            |       |       |     7 |     6 ||    13
   Stab: Sleeping          |       |     1 |     4 |       ||     5
         Distracted        |       |       |       |     1 ||     1
         Paralysed         |       |       |       |     1 ||     1
 Armour: Skin              |    55 |   110 |   217 |   231 ||   613
  Dodge: Dodged            |    57 |   127 |   261 |   313 ||   758
   Form: Flux              |       |       |     1 |       ||     1

Table legend: (Time is in decaauts)
 A = Elapsed time spent in this place.
 B = Non-inter-level travel time spent in this place.
 C = Inter-level travel time spent in this place.
 D = Time resting spent in this place.
 E = Time spent auto-exploring this place.
 F = Levels seen in this place.
 G = Mean time per level.
                   A        B        C        D        E       F      G
               +--------+--------+--------+--------+--------+-----+--------+
         Total |  11679 |  11336 |    343 |    494 |   7970 |  14 |  834.2 |
       Dungeon |   9817 |   9474 |    343 |     46 |   7186 |  11 |  892.5 |
        Temple |    214 |    214 |      0 |    189 |      0 |   1 |  214.0 |
         Sewer |    240 |    240 |      0 |     23 |    124 |   1 |  240.0 |
        Bailey |   1407 |   1407 |      0 |    236 |    660 |   1 | 1407.0 |
               +--------+--------+--------+--------+--------+-----+--------+

Top non-repeatable levels by time:
  Bailey: 1407 daAuts
    D:10: 1317 daAuts
     D:5: 1219 daAuts
     D:6: 1008 daAuts
     D:2: 975 daAuts
     D:8: 945 daAuts
     D:9: 905 daAuts
     D:1: 896 daAuts
     D:4: 844 daAuts
     D:7: 736 daAuts
     D:3: 711 daAuts
    D:11: 256 daAuts
   Sewer: 240 daAuts
  Temple: 214 daAuts
